 Dungeon Crawl Stone Soup version 0.21-a0-84-g85d6d27 (webtiles) character file.

826891 Lianjan the Phalangite (level 27, -9/226 HPs)
             Began as a Merfolk Gladiator on June 27, 2017.
             Was the Champion of the Shining One.
             Mangled by a titan (20 damage)
             ... created by the fury of Okawaru
             ... in Pandemonium on June 30, 2017.
             The game lasted 10:07:02 (101366 turns).

Lianjan the Phalangite (Merfolk Gladiator)        Turns: 101366, Time: 10:07:03

Health: -9/226     AC: 28    Str: 21      XL:     27
Magic:  0/43       EV: 21    Int: 26 (27) God:    the Shining One [******]
Gold:   6738       SH: 14    Dex: 20      Spells: 8/59 levels left

rFire    + + +     SeeInvis +   j - +9 trishula (holy)
rCold    + + +     Gourm    .   n - +3 buckler {rC+ rF+}
rNeg     + + +     Faith    .   v - +0 plate armour of Music {rF++ Int+4 Dex+2}
rPois    +         Spirit   +   d - +2 hat of the Bear Spirit {Spirit, +Rage rN+ MR++}
rElec    .         Reflect  +   M - scarf {rC+ rF+}
rCorr    .         Harm     .   b - +2 pair of gloves {Dex+3}
MR       ++++.     Clarity  +   R - +2 pair of boots {run}
Stlth    ..........             Y - amulet "Fyobun" {Reflect rN+ SH+5}
HPRegen  0.47/turn              i - ring "Fytrid" {rPois Str+2 SInv}
MPRegen  0.28/turn              E - ring of Amasch {rC+ Int+7}

@: about to teleport, aura of abjuration, very slightly contaminated, glowing,
quick
A: change form in water, swift swim, stealthy swim, antennae 1, clarity,
deterioration 1, shaggy fur 1, subdued magic 1
}: 5/15 runes: decaying, slimy, silver, abyssal, gossamer
a: Divine Shield, Cleansing Flame, Summon Divine Warrior, Renounce Religion,
Evoke Berserk Rage


You were in Pandemonium.
You worshipped the Shining One.
The Shining One was exalted by your worship.
You were near starving.

You visited 13 branches of the dungeon, and saw 59 of its levels.
You visited Pandemonium 1 time, and saw 1 of its levels.
You visited the Abyss 2 times.
You also visited: Labyrinth, Trove, Ossuary, Bailey, Wizlab and Desolation.

You collected 11302 gold pieces.
You spent 4564 gold pieces at shops.

Inventory:

Hand Weapons
 j - a +9 trishula of holy wrath (weapon)
Armour
 b - a +2 pair of gloves of dexterity (worn)
 d - the +2 hat of the Bear Spirit (worn) {Spirit, +Rage rN+ MR++}
   (Okawaru gifted it to you on level 3 of the Lair of Beasts)

   It protects you from negative energy.
   It affects your resistance to hostile enchantments.
   It lets you go berserk.
 n - a +3 buckler of resistance (worn)
 v - the +0 plate armour of Music (worn) {rF++ Int+4 Dex+2}
   (You found it on level 2 of the Depths)

   It affects your intelligence (+4).
   It affects your dexterity (+2).
   It greatly protects you from fire.
 M - a scarf of resistance (worn)
 R - a +2 pair of boots of running (worn)
Jewellery
 a - the amulet of the Air {Inacc +Fly rElec EV+5 RMsl}
   (You bought it in a shop on level 2 of the Orcish Mines)

   [amulet of inaccuracy]

   It reduces the accuracy of all your attacks.
   It affects your evasion (+5).
   It insulates you from electricity.
   It lets you fly.
   It protects you from missiles.
 i - the ring "Fytrid" (left hand) {rPois Str+2 SInv}
   (You found it on level 4 of the Depths)

   [ring of see invisible]

   It affects your strength (+2).
   It protects you from poison.
   It lets you see invisible.
 w - the ring "Etziotz" {rCorr MR+ Str+4 Int-4}
   (You took it off a deep elf mage on level 2 of the Elven Halls)

   [ring of resist corrosion]

   It affects your strength (+4).
   It affects your intelligence (-4).
   It affects your resistance to hostile enchantments.
 E - the ring of Amasch (right hand) {rC+ Int+7}
   (You found it on level 3 of the Crypt)

   [ring of protection from cold]

   It affects your intelligence (+7).
   It protects you from cold.
 Y - the amulet "Fyobun" (around neck) {Reflect rN+ SH+5}
   (You found it on level 5 of the Pits of Slime)

   [amulet of reflection]

   It shields you and reflects attacks.
   It protects you from negative energy.
   It affects your SH (+5).
Wands
 e - a wand of iceblast (3/15)
 l - a wand of disintegration (10/24)
 x - a wand of acid (9/15)
 y - a wand of digging (19/24)
 C - a wand of scattershot (5/9)
Scrolls
 p - a scroll of identify
 q - a scroll of holy word
 D - a scroll of remove curse
 F - a scroll of silence
 G - 11 scrolls of teleportation
 I - a scroll of amnesia
 K - 8 scrolls of fog
 L - 9 scrolls of fear
 O - 10 scrolls of magic mapping
 Q - 12 scrolls of recharging
 S - 6 scrolls of immolation
 U - 8 scrolls of summoning
 V - 6 scrolls of vulnerability
Potions
 g - 15 potions of haste
 h - 8 potions of curing
 k - 7 potions of might
 o - 5 potions of cancellation
 s - 14 potions of mutation
 t - 2 potions of ambrosia
 B - 7 potions of agility
 T - 2 potions of resistance
Miscellaneous
 c - a lamp of fire
 f - a lightning rod (4/4)
 A - a fan of gales (inert)
 H - 3 phantom mirrors
 P - 4 boxes of beasts
 X - a phial of floods
 Z - 3 sacks of spiders
Comestibles
 m - 31 royal jellies
 r - 14 fruits
 u - 24 meat rations


   Skills:
 + Level 20.4 Fighting
 + Level 24.3 Polearms
 - Level 6.6 Throwing
 + Level 17.6 Armour
 + Level 22.6 Dodging
 - Level 5.6 Shields
 - Level 16.5 Spellcasting
 - Level 10.3 Hexes
 - Level 15.1 Charms
 - Level 14.8 Summonings
   Level 10.5 Necromancy
 + Level 16.5 Translocations
 - Level 10.0 Air Magic
 * Level 13.1 Invocations
 - Level 15.8 Evocations


You had 8 spell levels left.
You knew the following spells:

 Your Spells              Type           Power        Failure   Level  Hunger
a - Infusion              Chrm           ####         1%          1    None
b - Spectral Weapon       Hex/Chrm       ######..     1%          3    None
c - Shroud of Golubria    Chrm/Tloc      ######....   1%          2    None
d - Silence               Hex/Air        ######....   7%          5    None
e - Ensorcelled Hibernat  Hex/Ice        #####.       2%          2    None
f - Swiftness             Chrm/Air       ######..     1%          2    None
g - Apportation           Tloc           ######       0%          1    None
h - Summon Butterflies    Summ           ######..     1%          1    None
i - Lesser Beckoning      Tloc           ######....   1%          3    None
k - Blink                 Tloc           N/A          0%          2    None
l - Passage of Golubria   Tloc           N/A          1%          4    None
m - Tukima's Dance        Hex            ######..     1%          3    None
n - Deflect Missiles      Chrm/Air       ######....   14%         6    ####...
o - Recall                Summ/Tloc      N/A          1%          3    None
p - Aura of Abjuration    Summ           ######....   1%          5    None
q - Controlled Blink      Tloc           N/A          77%         8    #######


Dungeon Overview and Level Annotations

Branches:
Dungeon (15/15)            Temple (1/1) D:7            Lair (6/6) D:9
  Swamp (4/4) Lair:4       Spider (4/4) Lair:3        Slime (5/5) Lair:5
    Orc (2/2) D:11            Elf (3/3) Orc:2        Vaults (5/5) D:14
  Crypt (3/3) Vaults:2       Tomb (0/3) Crypt:3      Depths (5/5) D:15
   Hell (1/1)                 Dis (0/7) Hell            Geh (0/7) Hell
    Coc (0/7) Hell            Tar (0/7) Hell            Zot (5/5) Depths:5

Altars:
Ashenzari
Cheibriados
Dithmenos
Elyvilon
Hepliaklqana
Kikubaaqudgha
Makhleb
Okawaru
Ru
Sif Muna
Uskayaw
Xom
Yredelemnul
The Shining One
Beogh
Jiyva

Shops:
Orc:2 =*[(   Elf:1 [   Elf:3 [   Vaults:1 ((*   Vaults:2 *   Vaults:4 :
Vaults:5 %}!!(=!   Depths:1 %   Depths:5 (

Portals:
Hell: Depths:1 Depths:2 Depths:3 Depths:4 Depths:5
Abyss: Depths:2 Depths:4
Pandemonium: Depths:1 Depths:3
Ziggurat: Depths:5

Annotations:
Zot:5 1 exclusion


Innate Abilities, Weirdness & Mutations

You revert to your normal form in water.
You are very nimble and swift while swimming.
You are very stealthy in the water. (Stealth+)
You have a pair of small antennae on your head.
You possess an exceptional clarity of mind.
Your body sometimes deteriorates upon taking damage.
You are covered in fur. (AC +1)
Your spells are a little easier to cast, but a little less powerful.


Message History

As you read the scroll of teleportation, it crumbles to dust.
You feel strangely unstable.
The deep elf archer unwields an uncursed dagger of speed.
The deep elf archer wields an uncursed shortbow.
The deep elf archer shoots an arrow.
The arrow hits you but does no damage.
The arrow disappears in a puff of smoke!
The titan closely misses you.
You feel better.
The deep elf archer shoots an arrow.
You reflect the arrow off an invisible shield around you!
The arrow hits the deep elf archer!!
The arrow disappears in a puff of smoke!
The deep elf mage casts a spell.
The deep elf mage blinks!
The titan hits you!
* * * LOW HITPOINT WARNING * * *
You feel better.
The deep elf archer shoots an arrow.
You reflect the arrow off an invisible shield around you!
The arrow closely misses the deep elf archer.
The arrow disappears in a puff of smoke!
The titan hits you!!
You die...

#..........##.#
##'#+########e#
#.# #.# #.# #.#
#.# #### #.#
... #@# #.###C#
#....e# ##...##
#...# #.e.#
#...# #...#
#...#


You could see a titan, 2 deep elf archers and a deep elf mage.

Vanquished Creatures
  the Royal Jelly (Slime:5)
  A pandemonium lord (Pan)
  Khufu (Crypt:2)
  An orb of fire (Zot:2)
  4 ancient liches
  A juggernaut (Depths:2)
  5 greater mummies
  Bai Suzhen (Vaults:4)
  the Lernaean hydra (Swamp:4)
  The ghost of grandjackal the Warrior, a veteran DsGl of Kikubaaqudgha (Depths:2)
  2 Killer Klowns
  3 curse toes
  11 golden dragons
  Nikola (Elf:1)
  A mutant beast (WizLab)
  Geryon (Hell)
  2 profane servitors
  Arachne (Spider:3)
  3 bone dragons
  13 liches
  A hellephant (Abyss:4)
  Jorgrun (Elf:2)
  2 electric golems (Zot:4)
  Rupert (D:15)
  23 tentacled monstrosities
  9 titans
  5 deep elf master archers
  Asterion (Elf:2)
  2 deep elf blademasters (Elf:3)
  5 sphinxes
  3 Executioners
  7 quicksilver dragons
  23 acid blobs
  5 death cobs
  The ghost of ccamiloo the Shatterer, an adept GrFi of the Shining One (Depths:1)
  21 tentacled starspawn
  17 shadow dragons
  2 thorn hunters
  Agnes (D:15)
  8 ancient champions
  15 tengu reavers
  Kirke (D:14)
  15 storm dragons
  10 azure jellies
  4 revenants
  14 vault wardens
  2 daevas
  Roxanne (Elf:2)
  14 frost giants
  An iron dragon (Depths:5)
  4 draconian monks
  25 fire giants
  Aizul (Depths:1)
  2 orc warlords
  8 emperor scorpions
  A corrupter (Pan)
  5 draconian knights
  5 deep elf sorcerers
  7 draconian shifters
  6 ghost moths
  4 ghouls
  2 balrugs
  A warmonger (Pan)
  6 curse skulls
  5 draconian scorchers
  7 deep elf elementalists
  4 cacodemons
  6 reapers
  Louise (D:14)
  5 war gargoyles
  3 draconian stormcallers
  16 ironheart preservers
  2 spriggan defenders
  5 draconian annihilators
  5 entropy weavers
  34 stone giants
  52 very ugly things
  19 vampire knights
  16 green draconians
  7 deep elf demonologists
  A blood saint (Pan)
  8 black draconians
  9 red draconians
  9 purple draconians
  14 white draconians
  A lorocyproca (Hell)
  11 deep elf annihilators
  3 spark wasps
  15 yellow draconians
  3 blizzard demons
  A halazid warlock (Desolation)
  The ghost of Iodinin the Spry, a journeyman SpVM of Xom (Lair:6)
  3 green deaths
  6 eidola
  23 ettins
  17 fire dragons
  A merfolk impaler (Depths:3)
  6 crystal guardians
  A minotaur (Lab)
  9 mummy priests (Crypt:3)
  11 death oozes
  16 deep elf death magi
  2 quicksilver dragon zombies (Crypt:3)
  5 jiangshi
  21 yaktaur captains
  2 ragged hierophants (Desolation)
  20 great orbs of eyes
  14 ice dragons
  4 deep elf high priests
  A naga warrior (Abyss:3)
  10 rakshasas
  21 hydras
  28 vault guards
  A ghost crab (Swamp:4)
  A caustic shrike simulacrum (Depths:3)
  A quicksilver dragon skeleton (Crypt:3)
  A hell beast (Pan)
  A monstrous demonspawn (Pan)
  7 servants of whispers
  3 spriggan air magi
  A kraken zombie (Hell)
  4 peacekeepers (Desolation)
  5 death knights
  8 centaur warriors
  35 two-headed ogres
  7 catoblepae
  20 ogre magi
  A satyr (shapeshifter) (Depths:1)
  5 tengu warriors
  6 alligators
  7 death yaks (Lair:6)
  29 dancing weapons
  7 deep troll shamans
  8 vampire magi
  12 deep troll earth magi
  9 spriggan berserkers
  9 hell hogs
  4 hell knights (Depths:3)
  2 iron golems
  11 sun demons
  Nergalle (Orc:2)
  Urug (D:14)
  3 orc high priests
  37 thrashing horrors
  56 small abominations
  2 shock serpents (Depths:5)
  7 soul eaters
  5 sixfirhies
  38 skeletal warriors
  26 deep elf knights
  A storm dragon zombie (Crypt:1)
  2 iron trolls
  4 fire crabs (shapeshifter)
  15 wretched stars
  A titan skeleton (Crypt:3)
  A salamander mystic (Depths:4)
  4 spatial maelstroms
  7 shadow wraiths
  3 death drakes
  A fire crab (Depths:5)
  15 unseen horrors
  62 large abominations
  2 sea snakes (Depths:5)
  2 wizards
  2 unseen horrors (shapeshifter)
  A storm dragon skeleton (Abyss:3)
  3 anaconda zombies
  29 deep trolls
  2 infernal demonspawn (Pan)
  3 shadow demons
  11 flayed ghosts
  A shambling mangrove (Swamp:1)
  A swamp dragon (shapeshifter) (Vaults:4)
  A spriggan druid (Elf:3)
  A glowing orange brain (shapeshifter) (Vaults:5)
  8 glowing orange brains
  An orange crystal statue (Depths:3)
  A shadow dragon zombie (Crypt:3)
  58 starcursed masses
  A gelid demonspawn (Pan)
  41 deep elf archers
  2 lindwurms (Depths:5)
  An iron giant skeleton (Crypt:2)
  11 phantasmal warriors
  15 swamp dragons
  A wolf spider zombie (Crypt:2)
  8 necromancers
  2 harpies (shapeshifter)
  93 deep elf magi
  41 ugly things
  An orb spider (shapeshifter) (WizLab)
  3 anaconda skeletons
  28 orc knights
  5 cyclopes
  21 ironbrand convokers
  11 orb spiders
  4 mana vipers
  A frost giant zombie (Crypt:1)
  A golden dragon skeleton (Crypt:3)
  29 wolf spiders
  2 salamanders (shapeshifter)
  8 worldbinders
  4 manticores
  A faun (shapeshifter) (WizLab)
  3 orc sorcerers (Orc:2)
  A fire giant zombie (Crypt:3)
  A shining eye (shapeshifter) (Abyss:3)
  5 oklob plants
  10 shining eyes
  A stone giant zombie (Hell)
  3 cyclopes (shapeshifter)
  A stone giant skeleton (Crypt:2)
  6 apocalypse crabs
  23 moths of wrath
  3 salamanders
  An iron dragon skeleton (Crypt:3)
  5 eyes of devastation
  3 rust devils
  3 black mambas
  9 elephants
  14 vault sentinels
  2 guardian serpents (shapeshifter)
  4 guardian serpents
  An eye of devastation (shapeshifter) (Vaults:4)
  25 smoke demons
  2 black mambas (shapeshifter) (WizLab)
  4 orange demons
  2 naga magi (Depths:5)
  3 dire elephant zombies
  6 centaur skeletons
  3 molten gargoyles
  2 gargoyles
  2 spriggan zombies (Depths:3)
  A kobold demonologist (D:13)
  4 torpor snails
  23 spiny frogs
  A torpor snail (shapeshifter) (WizLab)
  2 emperor scorpion zombies
  A catoblepas zombie (Hell)
  A rime drake (shapeshifter) (Vaults:5)
  A spiny frog (shapeshifter) (WizLab)
  An alligator snapping turtle skeleton (Crypt:2)
  10 komodo dragons
  5 efreet
  2 hellions
  3 rime drakes
  2 tormentors
  9 freezing wraiths
  A yaktaur (shapeshifter) (Depths:1)
  A swamp worm zombie (Crypt:3)
  62 yaktaurs
  A golden dragon simulacrum (Crypt:2)
  2 tengu conjurers
  An anaconda simulacrum (Crypt:3)
  9 demonic crawlers
  2 hellwings
  2 komodo dragons (shapeshifter) (WizLab)
  An iron troll zombie (Crypt:1)
  7 ice devils (Hell)
  13 ancient zymes
  9 guardian mummies (Crypt:3)
  6 hydra zombies
  A merfolk (Abyss:3)
  A black draconian skeleton (Crypt:1)
  2 red devils (Hell)
  3 jumping spiders (shapeshifter)
  32 jumping spiders
  2 polar bears
  A troll (shapeshifter) (Depths:4)
  8 trolls
  A moth of wrath zombie (Crypt:2)
  3 polar bears (shapeshifter)
  2 wind drakes (shapeshifter)
  A minotaur skeleton (Crypt:1)
  4 hornets (shapeshifter)
  19 bog bodies
  10 tyrant leeches
  2 ettin zombies
  23 hornets
  4 harpy skeletons
  158 slime creatures
  2 blink frogs (shapeshifter)
  28 saltlings
  37 raiju
  24 blink frogs
  9 hippogriffs
  A slime creature (shapeshifter) (Vaults:3)
  A fire dragon zombie (Abyss:3)
  6 flying skulls
  A snapping turtle (Abyss:3)
  A hydra skeleton (Hell)
  28 tarantellas
  A fire dragon skeleton (Crypt:3)
  12 ynoxinuls
  7 shadows
  9 air elementals
  49 redbacks
  A dire elephant simulacrum (Abyss:5)
  12 spriggans
  4 wyverns
  3 spriggans (shapeshifter)
  14 fire elementals
  7 fire bats
  An ettin skeleton (Crypt:3)
  A tarantella (shapeshifter) (WizLab)
  7 water elementals
  A yak (shapeshifter) (Depths:2)
  8 hogs
  A human (D:7)
  9 wraiths
  4 basilisks
  3 basilisks (shapeshifter)
  14 chaos spawn
  A steam dragon (shapeshifter) (Abyss:3)
  8 golden eyes
  49 yaks
  A wind drake skeleton (Crypt:3)
  41 vampire mosquitoes
  18 neqoxecs
  8 wargs
  2 hungry ghosts
  4 nagas (Abyss:3)
  2 acid dragons
  25 insubstantial wisps
  18 swamp worms
  4 spatial vortices
  A hydra simulacrum (Hell)
  16 water moccasins
  A monstrous demonspawn skeleton (Crypt:2)
  A water moccasin (shapeshifter) (WizLab)
  8 hell hounds
  6 porcupines
  A water nymph skeleton (Crypt:3)
  A floating eye (shapeshifter) (WizLab)
  5 floating eyes
  A merfolk zombie (Crypt:3)
  A sky beast (shapeshifter) (WizLab)
  A hornet zombie (Crypt:2)
  3 ice beasts
  69 orc warriors
  4 sky beasts
  3 black bears
  3 ettin simulacra
  A snapping turtle zombie (Abyss:3)
  16 swamp drakes
  An elephant zombie (Crypt:1)
  An ice dragon simulacrum (Crypt:2)
  5 necrophages
  2 phantoms
  A spiny frog skeleton (Hell)
  3 eyes of draining (shapeshifter)
  10 eyes of draining
  36 ogres
  A black bear (shapeshifter) (Depths:3)
  A tengu (Abyss:3)
  20 boggarts
  16 centaurs
  15 wolves
  A dream sheep skeleton (Crypt:3)
  21 crocodiles
  An elf zombie (Crypt:3)
  5 big kobolds
  19 bullfrogs
  A rime drake skeleton (Crypt:1)
  A gnoll sergeant (D:6)
  13 earth elementals
  A water moccasin zombie (D:10)
  A spiny frog simulacrum (Hell)
  5 scorpions
  A wyvern skeleton (Crypt:1)
  15 killer bees
  A troll zombie (Crypt:2)
  11 wights
  3 electric eels
  A spriggan skeleton (Lab)
  A bullfrog zombie (D:11)
  A howler monkey (D:5)
  A wolf zombie (Crypt:2)
  A lava snake (Depths:5)
  11 crimson imps
  5 quasits
  5 centaur zombies
  5 jellies
  7 hounds
  A human zombie (Ossuary)
  18 orc priests
  29 orc wizards
  5 iron imps
  An iguana (D:8)
  Terence (D:2)
  6 hell rats (Lair:2)
  15 worker ants
  6 lightning spires
  A big kobold zombie (Crypt:3)
  A naga zombie (Hell)
  A felid skeleton (Crypt:2)
  2 hound zombies
  5 mummies
  Robin (D:2)
  14 gnolls
  A howler monkey zombie (D:8)
  A worker ant zombie (D:5)
  18 adders
  12 river rats (Lair:2)
  3 shadow imps
  12 white imps
  4 ufetubi (Abyss:3)
  2 oozes (D:3)
  3 adder zombies
  A halfling skeleton (Crypt:2)
  4 worms
  A worm (shapeshifter) (Vaults:4)
  3 dart slugs
  5 leopard geckos
  144 orcs
  A ball python (D:2)
  3 giant cockroaches
  16 goblins
  12 hobgoblins
  9 jackals
  45 kobolds
  15 quokkas
  9 bats
  3 frilled lizards
  A giant cockroach zombie (D:6)
  2 gnoll zombies (D:8)
  5 goblin zombies (Ossuary)
  2 hobgoblin zombies (Ossuary)
  A jackal skeleton (D:9)
  2 kobold zombies
  An orc zombie (Hell)
  4 quokka zombies (Ossuary)
  21 rats
  4 rat zombies
  A river rat zombie (Crypt:3)
  6 briar patches
  A bush (Swamp:4)
  2 crawling corpses
  3 lurking horrors
  A spectral weapon (Swamp:4)
  11 starspawn tentacles
  2 tentacles (Hell)
3781 creatures vanquished.

Vanquished Creatures (collateral kills)
  Mara (Spider:3)
  An acid blob (Slime:5)
  A draconian shifter (Zot:1)
  A yellow draconian (Zot:1)
  A black draconian (Zot:1)
  A death ooze (Slime:5)
  A ragged hierophant (Desolation)
  A servant of whispers (Desolation)
  A great orb of eyes (Depths:1)
  A centaur warrior (Depths:1)
  A deep elf mage (Crypt:1)
  An ugly thing (Vaults:4)
  A cyclops (shapeshifter) (Abyss:3)
  A large abomination (Abyss:3)
  A wolf (Lair:4)
15 creatures vanquished.

Vanquished Creatures (others)
  A frost giant (Depths:3)
  A yellow draconian (Crypt:1)
  A hell hog (Depths:3)
  A deep elf knight (Vaults:4)
  A glowing orange brain (Abyss:4)
  A phantasmal warrior (Abyss:4)
  2 moths of wrath (Zot:5)
  A rime drake (shapeshifter) (WizLab)
  A yaktaur (Depths:2)
  A saltling (Desolation)
  A hornet (Vaults:5)
  3 water elementals
  A human (D:14)
  A neqoxec (Abyss:3)
  A large abomination (Abyss:4)
  A spatial vortex (Abyss:3)
  An ice beast (Abyss:3)
  An ogre (Vaults:5)
  A boggart (Depths:5)
  3 small abominations
  A crimson imp (D:14)
  2 orc wizards
  2 ufetubi (Abyss:3)
  2 ball lightnings (Depths:5)
  An orc (D:11)
  2 briar patches
  A fire vortex (Abyss:3)
  20 fungi
  3 lurking horrors (Abyss:4)
  8 plants
  29 spectral weapons
  61 starspawn tentacles
  6 tentacles (Hell)
163 creatures vanquished.

Grand Total: 3959 creatures vanquished

Notes
Turn   | Place    | Note
-------+----------+-------------------------------------------
     0 | D:1      | Lianjan the Merfolk Gladiator began the quest for the Orb.
     0 | D:1      | Reached XP level 1. HP: 16/16 MP: 1/1
    62 | D:1      | Reached skill level 5 in Polearms
    70 | D:1      | Reached XP level 2. HP: 22/22 MP: 2/2
   613 | D:1      | Reached XP level 3. HP: 26/27 MP: 3/3
   617 | D:1      | Reached skill level 6 in Polearms
  1325 | D:2      | Found a transporter.
  1327 | D:2      | Noticed a bullfrog
  1328 | D:2      | Noticed a killer bee
  1328 | D:2      | Found a transporter.
  1336 | D:2      | Found a burning altar of Makhleb.
  1336 | D:2      | Found a white marble altar of Elyvilon.
  1337 | D:2      | Found an ancient bone altar of Kikubaaqudgha.
  1356 | D:2      | Noticed Terence
  1391 | D:2      | Killed Terence
  1391 | D:2      | Reached skill level 7 in Polearms
  1391 | D:2      | Reached XP level 4. HP: 10/33 MP: 4/4
  1620 | D:2      | Noticed Robin
  1628 | D:2      | Killed Robin
  2460 | D:3      | Reached skill level 8 in Polearms
  2465 | D:3      | Reached XP level 5. HP: 31/38 MP: 5/5
  3185 | D:3      | Found an iron altar of Okawaru.
  3185 | D:3      | Found a shadowy altar of Dithmenos.
  3193 | D:3      | Became a worshipper of Warmaster Okawaru
  3268 | D:4      | Found a snail-covered altar of Cheibriados.
  3346 | D:4      | Reached skill level 9 in Polearms
  3417 | D:4      | Found a hazy altar of Hepliaklqana.
  3481 | D:4      | Reached XP level 6. HP: 32/44 MP: 6/6
  3840 | D:4      | Found a sacrificial altar of Ru.
  3960 | D:5      | Entered Level 5 of the Dungeon
  4041 | D:5      | Identified the Incunabulum of the Displaced Birds
  4046 | D:5      | Learned a level 2 spell: Ensorcelled Hibernation
  4049 | D:5      | Learned a level 2 spell: Swiftness
  4198 | D:5      | Reached skill level 10 in Polearms
  4741 | D:6      | Found a sand-covered staircase.
  4747 | Ossuary  | Entered an ossuary
  4758 | Ossuary  | Reached XP level 7. HP: 26/50 MP: 7/7
  4766 | Ossuary  | Reached skill level 11 in Polearms
  5165 | D:6      | Reached * piety under Okawaru
  5360 | D:6      | Reached skill level 1 in Invocations
  5580 | D:6      | Reached skill level 12 in Polearms
  5653 | D:6      | Reached XP level 8. HP: 56/56 MP: 9/9
  5712 | D:6      | Reached ** piety under Okawaru
  5730 | D:6      | Reached skill level 13 in Polearms
  5912 | D:6      | Reached skill level 14 in Polearms
  6033 | D:6      | Found a glowing golden altar of the Shining One.
  6178 | D:6      | HP: 1/56 [centaur/arrow (7)]
  6517 | D:6      | Reached skill level 15 in Polearms
  6525 | D:6      | Reached XP level 9. HP: 56/61 MP: 10/10
  6589 | D:6      | Reached *** piety under Okawaru
  7281 | D:7      | Reached skill level 1 in Armour
  7320 | D:7      | Reached skill level 5 in Dodging
  7708 | D:7      | Found a deep blue altar of Sif Muna.
  7817 | D:7      | Found a staircase to the Ecumenical Temple.
  7873 | D:7      | HP: 1/61 [hog (5)]
  8415 | D:7      | Reached **** piety under Okawaru
  8644 | D:7      | Reached XP level 10. HP: 67/67 MP: 12/12
  8659 | D:7      | Reached skill level 16 in Polearms
  9146 | D:8      | Found a flagged portal.
  9155 | Bailey   | Entered a bailey
  9279 | Bailey   | Noticed an orc knight
  9279 | Bailey   | Noticed an orc knight
  9279 | Bailey   | Noticed an orc knight
  9303 | Bailey   | Killed an orc knight
  9303 | Bailey   | Reached ***** piety under Okawaru
  9319 | Bailey   | Killed an orc knight
  9319 | Bailey   | Received a gift from Okawaru
  9371 | Bailey   | Killed an orc knight
  9371 | Bailey   | Received a gift from Okawaru
  9647 | D:8      | Found a basalt altar of Yredelemnul.
 10248 | D:9      | Identified a scroll of acquirement
 10454 | D:9      | Found a staircase to the Lair.
 10476 | D:9      | Reached skill level 17 in Polearms
 10692 | D:9      | Found a hide-covered altar of Uskayaw.
 10810 | D:10     | Entered Level 10 of the Dungeon
 11146 | D:10     | Reached XP level 11. HP: 72/72 MP: 13/13
 11279 | D:10     | Reached skill level 5 in Armour
 11974 | D:10     | Found a shimmering altar of Xom.
 11979 | D:10     | Killed an unseen horror
 12099 | D:10     | Received a gift from Okawaru
 12132 | D:10     | Reached skill level 10 in Dodging
 12214 | D:10     | Noticed a two-headed ogre
 12286 | Lair:1   | Entered Level 1 of the Lair of Beasts
 12581 | Lair:1   | Received a gift from Okawaru
 12581 | Lair:1   | Reached skill level 18 in Polearms
 12710 | Lair:1   | Reached skill level 5 in Invocations
 13277 | Lair:2   | Reached skill level 1 in Charms
 13577 | Lair:2   | Reached XP level 12. HP: 75/78 MP: 16/16
 13703 | Lair:2   | Learned a level 2 spell: Shroud of Golubria
 13707 | Lair:2   | Learned a level 3 spell: Regeneration
 13722 | Lair:2   | Learned a level 1 spell: Infusion
 14796 | Lair:3   | Found a hole to the Spider Nest.
 14853 | Lair:3   | Received a gift from Okawaru
 15016 | Lair:3   | Reached skill level 19 in Polearms
 15252 | Lair:4   | Noticed an eight-headed hydra
 15263 | Lair:3   | Killed an eight-headed hydra
 15263 | Lair:3   | Reached skill level 5 in Charms
 15413 | Lair:4   | Noticed a catoblepas
 15445 | Lair:3   | Killed a catoblepas
 16098 | Lair:4   | Found a staircase to the Swamp.
 16255 | Lair:4   | Reached XP level 13. HP: 85/85 MP: 19/19
 16786 | Lair:5   | Found a frozen archway.
 16946 | Lair:5   | Found a labyrinth entrance.
 16963 | Lab      | Entered a labyrinth
 17243 | Lab      | Noticed a minotaur
 17250 | Lab      | Killed a minotaur
 17262 | Lab      | Identified the Guide on Venomous Talismans
 17264 | Lab      | Got a faintly humming leather armour
 17374 | Lair:5   | Identified the +0 leather armour of the Bulwark {+Blink Dex+4} (You found it in a labyrinth)
 17433 | Lair:5   | Found a runed door.
 17433 | Lair:5   | Found a viscous altar of Jiyva.
 17433 | Lair:5   | Found a staircase to the Slime Pits.
 18331 | Lair:6   | Entered Level 6 of the Lair of Beasts
 18342 | Lair:6   | Received a gift from Okawaru
 18357 | Lair:6   | Noticed Iodinin's ghost (journeyman SpVM)
 18627 | Lair:6   | Reached skill level 5 in Fighting
 18901 | Lair:6   | Reached skill level 20 in Polearms
 18974 | Lair:6   | Found an iron altar of Okawaru.
 19296 | Lair:6   | Reached ****** piety under Okawaru
 19296 | Lair:6   | Received a gift from Okawaru
 20377 | D:11     | Found a staircase to the Orcish Mines.
 20618 | D:11     | Reached XP level 14. HP: 98/101 MP: 20/20
 21007 | Orc:1    | Entered Level 1 of the Orcish Mines
 21220 | Orc:2    | Entered Level 2 of the Orcish Mines
 22309 | Orc:2    | Noticed an orc warlord
 22332 | Orc:2    | Received a gift from Okawaru
 22431 | Orc:1    | Killed an orc warlord
 22592 | Orc:2    | Noticed Nergalle
 22615 | Orc:2    | Killed Nergalle
 23149 | Orc:2    | Found a staircase to the Elven Halls.
 23276 | Orc:2    | Found a roughly hewn altar of Beogh.
 23306 | Orc:2    | Reached skill level 21 in Polearms
 23306 | Orc:2    | Reached skill level 15 in Dodging
 23316 | Orc:2    | Found Fawyac's Antique Armour Shop.
 23389 | Orc:2    | Found Acuyr's Antique Weapon Shop.
 23404 | Orc:2    | Found Gonkoch's General Store.
 23411 | Orc:2    | Bought a potion of curing for 48 gold pieces
 23411 | Orc:2    | Bought a potion of haste for 160 gold pieces
 23476 | Orc:2    | Found Qyemin's Jewellery Shop.
 23482 | Orc:2    | Bought the amulet of the Air {Inacc +Fly rElec EV+5 RMsl} for 618 gold pieces
 23561 | Elf:1    | Entered Level 1 of the Elven Halls
 23959 | Elf:1    | Found an ancient bone altar of Kikubaaqudgha.
 24037 | Elf:1    | Reached skill level 10 in Charms
 24047 | Elf:1    | Reached skill level 1 in Evocations
 24149 | Elf:1    | Found Riulojosch's Armour Shop.
 24196 | Elf:1    | Noticed Nikola
 24226 | Elf:1    | Killed Nikola
 24630 | Elf:1    | Received a gift from Okawaru
 24630 | Elf:1    | Reached XP level 15. HP: 112/112 MP: 13/21
 25150 | Elf:2    | Noticed a deep elf sorcerer
 25399 | Elf:1    | Bought a +1 pair of gloves of dexterity for 280 gold pieces
 25399 | Elf:1    | Bought a +0 helmet of intelligence for 195 gold pieces
 25399 | Elf:1    | Bought the +5 scale mail of Indemnity {Str+5 Int+4 Slay+2} for 1076 gold pieces
 25719 | Lair:2   | Learned a level 3 spell: Spectral Weapon
 25785 | Lair:5   | Gained mutation: Your skin changes colour to match your surroundings (Stealth+). [a shining eye]
 25791 | Lair:5   | Gained mutation: You are frail. (-10% HP) [a shining eye]
 25794 | Lair:5   | Lost mutation: Your skin changes colour to match your surroundings (Stealth+). [potion of mutation]
 25794 | Lair:5   | Lost mutation: You are frail. (-10% HP) [potion of mutation]
 25794 | Lair:5   | Gained mutation: You are clumsy. (Dex -2) [potion of mutation]
 25794 | Lair:5   | Gained mutation: Your magical capacity is low. (-10% MP) [potion of mutation]
 25794 | Lair:5   | Gained mutation: Your muscles are strong. (Str +2) [potion of mutation]
 25795 | Lair:5   | Lost mutation: Your magical capacity is low. (-10% MP) [potion of mutation]
 25795 | Lair:5   | Lost mutation: Your muscles are strong. (Str +2) [potion of mutation]
 25795 | Lair:5   | Lost mutation: You are clumsy. (Dex -2) [potion of mutation]
 25795 | Lair:5   | Gained mutation: You are covered in fur. (AC +1) [potion of mutation]
 25795 | Lair:5   | Gained mutation: You are partially covered in large bone plates. (SH +4) [potion of mutation]
 25900 | Lair:6   | Reached skill level 1 in Shields
 26026 | Lair:6   | Reached skill level 1 in Necromancy
 26186 | Lair:6   | Reached skill level 5 in Evocations
 26591 | Lair:6   | Killed Iodinin's ghost
 27032 | D:12     | Reached skill level 1 in Hexes
 27110 | D:12     | Learned a level 1 spell: Apportation
 28283 | D:13     | Noticed a tengu reaver
 28296 | D:13     | Killed a tengu reaver
 28299 | D:13     | Received a gift from Okawaru
 28304 | D:13     | Got an ancient brass ring
 28305 | D:13     | Identified the Disquisition on Beguiling
 28313 | D:13     | Identified the cursed ring of Cybbaydd {MR- Str+5 Int-3 Dex+7} (You found it on level 13 of the Dungeon)
 28838 | D:14     | Reached XP level 16. HP: 116/120 MP: 22/22
 28893 | D:14     | Noticed Kirke
 29669 | D:14     | Noticed Urug
 29677 | D:14     | Killed Kirke
 29681 | D:14     | Killed Urug
 29795 | D:14     | Noticed Louise
 29805 | D:14     | Killed Louise
 30428 | D:14     | Found a gate to the Vaults.
 30513 | D:15     | Entered Level 15 of the Dungeon
 30574 | D:15     | Noticed Agnes
 30609 | D:15     | Killed Agnes
 30609 | D:15     | Received a gift from Okawaru
 31139 | D:15     | Found a staircase to the Depths.
 31275 | D:15     | Found a shattered altar of Ashenzari.
 31356 | D:15     | Noticed Rupert
 31381 | D:15     | Killed Rupert
 32098 | D:15     | Received a gift from Okawaru
 32101 | D:15     | Got a brightly glowing scarf {god gift}
 32112 | D:15     | Identified the scarf "Bieptay" {Int+3} (Okawaru gifted it to you on level 15 of the Dungeon)
 32167 | D:15     | Found a white marble altar of Elyvilon.
 32185 | D:15     | Reached skill level 1 in Translocations
 32227 | D:15     | Reached skill level 5 in Necromancy
 32358 | Depths:1 | Entered Level 1 of the Depths
 32554 | Swamp:1  | Entered Level 1 of the Swamp
 32613 | Swamp:1  | Reached skill level 5 in Hexes
 32921 | Swamp:1  | Noticed a tentacled monstrosity
 33012 | Swamp:1  | Killed a tentacled monstrosity
 33606 | Swamp:2  | Reached XP level 17. HP: 127/127 MP: 23/23
 33644 | Swamp:2  | Reached skill level 10 in Fighting
 34643 | Swamp:3  | Received a gift from Okawaru
 34972 | Swamp:4  | Entered Level 4 of the Swamp
 35294 | Swamp:4  | Received a gift from Okawaru
 35307 | Swamp:4  | Identified a +0 pair of boots of running (Okawaru gifted it to you on level 4 of the Swamp)
 35495 | Swamp:4  | Noticed the 27-headed Lernaean hydra
 35512 | Swamp:4  | Killed the 27-headed Lernaean hydra
 35570 | Swamp:4  | Got a decaying rune of Zot
 35866 | Swamp:4  | Reached skill level 1 in Air Magic
 36086 | Spider:1 | Entered Level 1 of the Spider Nest
 36259 | Spider:1 | Reached skill level 5 in Translocations
 36271 | Spider:1 | Reached XP level 18. HP: 138/138 MP: 24/24
 36550 | Spider:1 | Received a gift from Okawaru
 38265 | Spider:3 | Paralysed by a hornet for 3 turns
 38283 | Spider:3 | Received a gift from Okawaru
 38426 | Spider:3 | Noticed Mara
 38429 | Spider:3 | Noticed Lianjan's illusion
 38719 | Spider:3 | Noticed Arachne
 38742 | Spider:3 | Killed Arachne
 38792 | Spider:3 | Killed Mara
 38792 | Spider:3 | Received a gift from Okawaru
 38795 | Spider:3 | Got a jewelled hat {god gift}
 38809 | Spider:3 | Identified the -1 hat of Exclusion {rC+ Int+4} (Okawaru gifted it to you on level 3 of the Spider Nest)
 39114 | Spider:3 | Identified Gaaxibo's Grimoire of the Lethal Escort
 39118 | Spider:3 | Learned a level 1 spell: Summon Butterflies
 39186 | Spider:4 | Entered Level 4 of the Spider Nest
 40303 | Spider:4 | Reached XP level 19. HP: 117/147 MP: 0/25
 40518 | Spider:4 | Got a gossamer rune of Zot
 41357 | D:9      | Learned a level 3 spell: Lesser Beckoning
 41676 | Elf:2    | Received a gift from Okawaru
 41676 | Elf:2    | Reached skill level 1 in Spellcasting
 42003 | Elf:2    | Got a pitted glass ring
 42058 | Elf:2    | Noticed Roxanne
 42078 | Elf:2    | Killed Roxanne
 42079 | Elf:2    | Identified Roxanne's Compendium of Transmutation (You took it off Roxanne on level 2 of the Elven Halls)
 42192 | Elf:2    | Got a vibrating amber ring
 42250 | Elf:2    | Received a gift from Okawaru
 42343 | Elf:2    | Found a huge runed gate.
 42343 | Elf:2    | Found a huge runed gate.
 42343 | Elf:2    | Found a huge runed gate.
 42343 | Elf:2    | Found a huge runed gate.
 42343 | Elf:2    | Found a huge runed gate.
 42612 | Elf:2    | Noticed Asterion
 42652 | Elf:2    | Killed Asterion
 42971 | Elf:2    | Noticed Jorgrun
 42979 | Elf:2    | Killed Jorgrun
 43134 | Elf:2    | Received a gift from Okawaru
 43289 | Elf:3    | Entered Level 3 of the Elven Halls
 43364 | Elf:3    | Reached skill level 5 in Spellcasting
 43377 | Elf:3    | Identified the ring "Etziotz" {rCorr MR+ Str+4 Int-4} (You took it off a deep elf mage on level 2 of the Elven Halls)
 43381 | Elf:3    | Identified the ring of the Many Stars {+Fly MP+9 Int-3 Dex+7 SInv} (You found it on level 2 of the Elven Halls)
 43392 | Elf:3    | Got a fine ring mail
 43393 | Elf:3    | Identified the +1 ring mail of Amelioration {Int+4 Dex-4 Slay+4 Stlth+} (You found it on level 3 of the Elven Halls)
 43459 | Elf:3    | Found Ranytoih's Armour Shop.
 43561 | Elf:3    | Reached XP level 20. HP: 158/158 MP: 27/27
 43679 | Elf:3    | Received a gift from Okawaru
 44126 | Elf:3    | Found a magical portal.
 44131 | WizLab   | Entered Cigotuvi's Fleshworks
 44339 | WizLab   | Paralysed by a floating eye for 2 turns
 44349 | WizLab   | Paralysed by a floating eye for 4 turns
 44380 | WizLab   | Paralysed by a floating eye for 3 turns
 44389 | WizLab   | Paralysed by a floating eye for 2 turns
 44491 | WizLab   | Got a clouded pewter ring
 44545 | WizLab   | Received a gift from Okawaru
 44771 | WizLab   | Identified the Volume of Changing
 44773 | WizLab   | Identified the Reference Book on Shape Shifting
 44775 | WizLab   | Identified Cigotuvi's Tome of Unholy Rituals
 44958 | Elf:3    | Identified the ring of the Manifold Eyes {+Fly Str+5} (You found it in a wizard's laboratory)
 44970 | Elf:3    | Learned a level 5 spell: Cigotuvi's Embrace
 45290 | Elf:3    | Got a distressingly furry plate armour
 45303 | Elf:3    | Identified the +1 plate armour of Piloturi {rC+} (You found it on level 3 of the Elven Halls)
 45429 | Elf:3    | Reached skill level 15 in Fighting
 45454 | Elf:3    | Identified Sif Muna's Papyrus of Heat and Attacks
 45483 | Elf:3    | Got a heavily runed plate armour
 45494 | Elf:3    | Identified the +7 plate armour "Vebes" {rF+} (You found it on level 3 of the Elven Halls)
 45517 | Elf:3    | Identified the Compendium of Unstable Displacement
 45523 | Elf:3    | Learned a level 2 spell: Blink
 45528 | Elf:3    | Learned a level 4 spell: Passage of Golubria
 45584 | Elf:3    | Got a translucent spear
 45585 | Elf:3    | Identified the +2 spear "Atiraenk" {pierce, rPois} (You found it on level 3 of the Elven Halls)
 46132 | D:9      | Learned a level 3 spell: Tukima's Dance
 46246 | Vaults:1 | Entered Level 1 of the Vaults
 46271 | Vaults:1 | Reached XP level 21. HP: 149/168 MP: 20/32
 46375 | Vaults:1 | Found Watoe's Weapon Boutique.
 46491 | Vaults:1 | Found Qaufruc's Antique Weapon Emporium.
 46630 | Vaults:1 | Found Garobro's Assorted Antiques.
 46634 | Vaults:1 | Bought a potion of haste for 330 gold pieces
 46634 | Vaults:1 | Bought 2 scrolls of teleportation for 198 gold pieces
 46723 | Vaults:1 | Received a gift from Okawaru
 46736 | Vaults:1 | Found a ruined gateway.
 46748 | Desolati | Entered the Desolation of Salt
 47005 | Desolati | Reached skill level 5 in Throwing
 47135 | Desolati | Noticed mandarbmax's ghost (adept DrCj)
 47273 | Vaults:1 | Received a gift from Okawaru
 48359 | Vaults:2 | Found Bazimy's General Store.
 48489 | Vaults:2 | Received a gift from Okawaru
 48836 | Vaults:2 | Found a staircase to the Crypt.
 48910 | Vaults:2 | Reached skill level 10 in Armour
 49581 | Vaults:3 | Reached XP level 22. HP: 149/175 MP: 31/35
 50270 | Vaults:3 | Received a gift from Okawaru
 51585 | Vaults:4 | Found Kairr's Book Boutique.
 51607 | Vaults:4 | Noticed Bai Suzhen
 51660 | Vaults:4 | Killed Bai Suzhen
 51665 | Vaults:4 | Reached skill level 10 in Spellcasting
 51971 | Vaults:4 | Received a gift from Okawaru
 52992 | Depths:1 | Received a gift from Okawaru
 53001 | Depths:1 | Noticed ccamiloo's ghost (adept GrFi)
 53027 | D:15     | Reached XP level 23. HP: 81/181 MP: 21/37
 53182 | Depths:1 | Killed ccamiloo's ghost
 53380 | Depths:1 | Found a one-way gate leading to the halls of Pandemonium.
 53476 | Depths:1 | Found a gateway to Hell.
 53491 | Depths:1 | Noticed Aizul
 53518 | Depths:1 | Killed Aizul
 53981 | Depths:1 | Found Cifeuf Jepn's Food Shoppe.
 54078 | Hell     | Entered the Vestibule of Hell
 54078 | Hell     | Noticed Geryon
 54095 | Hell     | Killed Geryon
 54245 | Depths:2 | Noticed grandjackal's ghost (veteran DsGl)
 54269 | Depths:2 | Killed grandjackal's ghost
 55096 | Depths:2 | Noticed a juggernaut
 55109 | Depths:2 | Killed a juggernaut
 55121 | Depths:2 | Received a gift from Okawaru
 55138 | Depths:2 | Reached skill level 10 in Evocations
 55164 | Depths:2 | Received a gift from Okawaru
 55377 | Depths:2 | Identified the Guide on the Feathery Rocks
 55706 | Depths:2 | Received a gift from Okawaru
 55996 | Depths:2 | Found a glowing golden altar of the Shining One.
 56053 | Depths:2 | Reached XP level 24. HP: 188/188 MP: 38/38
 56077 | Depths:2 | Found a one-way gate to the infinite horrors of the Abyss.
 56082 | Depths:2 | Reached skill level 10 in Necromancy
 56159 | Depths:2 | Reached skill level 5 in Air Magic
 57022 | Depths:3 | Found a runed door.
 57652 | Depths:3 | Received a gift from Okawaru
 57995 | Depths:3 | Received a gift from Okawaru
 58137 | Depths:3 | Found a portal to a secret trove of treasure.
 58415 | Depths:4 | Paralysed by a floating eye for 2 turns
 58622 | Depths:4 | Got a twitching lapis lazuli ring
 58744 | Depths:3 | Identified the ring "Fytrid" {rPois Str+2 SInv} (You found it on level 4 of the Depths)
 59440 | D:9      | Learned a level 6 spell: Deflect Missiles
 59444 | D:9      | Learned a level 3 spell: Recall
 59951 | Depths:4 | Reached XP level 25. HP: 162/194 MP: 32/39
 60443 | Depths:5 | Entered Level 5 of the Depths
 60976 | Depths:5 | Received a gift from Okawaru
 61213 | Depths:5 | Found a gate to the Realm of Zot.
 61270 | Depths:5 | Got a smoking trident {god gift}
 61271 | Depths:5 | Identified the +4 trident "Noj Fepeziu" {drain, Dex+3} (Okawaru gifted it to you on level 5 of the Depths)
 61467 | Depths:5 | Identified the Volume of Lightness
 61510 | Depths:5 | Reached skill level 15 in Charms
 61612 | Depths:5 | Received a gift from Okawaru
 61627 | Depths:5 | Got a fine hat {god gift}
 61709 | Depths:5 | Found a gateway to a ziggurat.
 61710 | Depths:5 | Noticed an ancient lich
 61725 | Depths:5 | Killed an ancient lich
 61836 | Depths:5 | Identified Nuargh's Grimoire of the Arsonist
 61907 | Depths:5 | Identified Sif Muna's Collected Works on the Escort
 61915 | Depths:5 | Learned a level 5 spell: Aura of Abjuration
 62009 | Depths:5 | Identified the Incunabulum of Toxins
 62060 | Depths:5 | Found Butadeasm's Weapon Shoppe.
 62136 | Depths:5 | Reached skill level 1 in Summonings
 62158 | Depths:5 | Identified the Tome of Clay
 62622 | D:9      | Identified the +0 hat of the Commoners {rN+} (Okawaru gifted it to you on level 5 of the Depths)
 62984 | Temple   | Entered the Ecumenical Temple
 63306 | Depths:3 | You paid a toll of +2 shadow dragon scales to enter a treasure trove
 63307 | Trove    | Entered a treasure trove
 63752 | Vaults:5 | Entered Level 5 of the Vaults
 63824 | Vaults:5 | Reached XP level 26. HP: 163/200 MP: 3/40
 63845 | Vaults:4 | Received a gift from Okawaru
 64478 | Vaults:4 | Reached skill level 10 in Translocations
 64954 | Vaults:4 | Reached skill level 15 in Evocations
 65296 | Vaults:4 | Received a gift from Okawaru
 65641 | Vaults:5 | Reached skill level 5 in Summonings
 65671 | Vaults:5 | Received a gift from Okawaru
 66026 | Vaults:5 | Found Puanedghe's Gadget Shop.
 66031 | Vaults:5 | Found Qeleidul's Distillery.
 66201 | Vaults:5 | Bought a sack of spiders for 340 gold pieces
 66201 | Vaults:5 | Bought a sack of spiders for 340 gold pieces
 66358 | Vaults:5 | Found Oblouklegi's Magic Scroll Boutique.
 66501 | Vaults:5 | Received a gift from Okawaru
 66504 | Vaults:5 | Got a translucent hat {god gift}
 66515 | Vaults:5 | Identified the +0 hat "Vavicwaf" {rF+ rC+ Str+2 Int-2} (Okawaru gifted it to you on level 5 of the Vaults)
 66537 | Vaults:5 | Found Derih's Distillery.
 66541 | Vaults:5 | Bought a potion of heal wounds for 70 gold pieces
 66541 | Vaults:5 | Bought 2 potions of mutation for 224 gold pieces
 66559 | Vaults:5 | Found Bisojies's Food Shoppe.
 66571 | Vaults:5 | Got a silver rune of Zot
 66709 | Vaults:5 | Reached XP level 27. HP: 189/206 MP: 36/40
 66736 | Vaults:5 | Found Xanein's Distillery.
 66740 | Vaults:5 | Bought a potion of cancellation for 104 gold pieces
 66740 | Vaults:5 | Bought a potion of heal wounds for 65 gold pieces
 66740 | Vaults:5 | Bought 2 potions of mutation for 208 gold pieces
 66740 | Vaults:5 | Bought 2 potions of haste for 260 gold pieces
 67269 | Vaults:5 | Found Letej's Antique Weapon Boutique.
 67280 | Vaults:5 | Found Buprumun's Jewellery Emporium.
 68147 | Slime:1  | Entered Level 1 of the Pits of Slime
 68623 | Slime:2  | Gained mutation: You occasionally shout uncontrollably at your foes. [a shining eye]
 69259 | Slime:2  | HP: 5/207 [acid (6)]
 70692 | Slime:3  | Gained mutation: Scrolls take you a little longer to read. [a shining eye]
 70713 | Slime:3  | Lost mutation: Scrolls take you a little longer to read. [potion of mutation]
 70713 | Slime:3  | Lost mutation: You occasionally shout uncontrollably at your foes. [potion of mutation]
 70713 | Slime:3  | Gained mutation: Your magical capacity is low. (-10% MP) [potion of mutation]
 70713 | Slime:3  | Gained mutation: You are partially covered in yellow scales. (AC +2) [potion of mutation]
 70713 | Slime:3  | Gained mutation: You are somewhat resistant to further mutation. [potion of mutation]
 71245 | Slime:3  | Reached skill level 10 in Air Magic
 71252 | Slime:4  | Received a gift from Okawaru
 71510 | Slime:4  | Found a viscous altar of Jiyva.
 71630 | Slime:5  | Entered Level 5 of the Pits of Slime
 71784 | Slime:5  | Gained mutation: You are clumsy. (Dex -2) [a shining eye]
 71869 | Slime:5  | Noticed the Royal Jelly
 71881 | Slime:5  | Killed the Royal Jelly
 72445 | Slime:5  | Got a slimy rune of Zot
 72521 | Slime:5  | Got a heavily runed graven amulet
 72525 | Slime:5  | Identified the amulet "Fyobun" {Reflect rN+ SH+5} (You found it on level 5 of the Pits of Slime)
 73100 | Depths:2 | Voluntarily entered the Abyss.
 73109 | Abyss:1  | Found a corrupted altar of Lugonu.
 73971 | Abyss:3  | Paralysed by accursed screaming for 1 turns
 73979 | Abyss:3  | Paralysed by accursed screaming for 1 turns
 74307 | Abyss:4  | Reached skill level 15 in Spellcasting
 74360 | Abyss:4  | Gained mutation: You occasionally shout uncontrollably at your foes. [a cacodemon]
 74590 | Abyss:4  | Gained mutation: Your body sometimes deteriorates upon taking damage. [a neqoxec]
 74965 | Abyss:5  | Entered Level 5 of the Abyss
 75081 | Abyss:5  | Reached skill level 10 in Summonings
 75097 | Abyss:5  | Received a gift from Okawaru
 75229 | Depths:2 | Escaped the Abyss
 75233 | Depths:2 | Voluntarily entered the Abyss.
 75304 | Abyss:1  | Received a gift from Okawaru
 75805 | Abyss:2  | Found a corrupted altar of Lugonu.
 75878 | Abyss:3  | Found a corrupted altar of Lugonu.
 75892 | Abyss:3  | Found a corrupted altar of Lugonu.
 75983 | Abyss:3  | Got a bloodstained large shield
 76001 | Abyss:3  | Identified the +3 large shield of Gugu {Regen+} (You took it off a daeva on level 3 of the Abyss)
 76020 | Abyss:3  | Received a gift from Okawaru
 76782 | Abyss:3  | Paralysed by accursed screaming for 1 turns
 77020 | Abyss:3  | Received a gift from Okawaru
 77050 | Abyss:3  | Paralysed by accursed screaming for 2 turns
 77229 | Abyss:3  | Gained mutation: You are very clumsy. (Dex -4) [a neqoxec]
 77238 | Abyss:3  | Found a roughly hewn altar of Beogh.
 77243 | Abyss:3  | Found a corrupted altar of Lugonu.
 77253 | Abyss:3  | Found a corrupted altar of Lugonu.
 77295 | Abyss:3  | Paralysed by accursed screaming for 1 turns
 77306 | Abyss:3  | Paralysed by accursed screaming for 2 turns
 77316 | Abyss:3  | Paralysed by accursed screaming for 1 turns
 77373 | Abyss:3  | Found a corrupted altar of Lugonu.
 78089 | Abyss:3  | Reached skill level 15 in Armour
 78189 | Abyss:3  | HP: 6/212 [tentacled starspawn (18)]
 78189 | Abyss:3  | HP: 1/212 [lich (5)]
 78450 | Abyss:3  | Found a hide-covered altar of Uskayaw.
 78450 | Abyss:3  | Found a snail-covered altar of Cheibriados.
 78450 | Abyss:3  | Found a burning altar of Makhleb.
 78450 | Abyss:3  | Found an ancient bone altar of Kikubaaqudgha.
 78450 | Abyss:3  | Found an ornate altar of the Wu Jian Council.
 78450 | Abyss:3  | Found a radiant altar of Vehumet.
 78450 | Abyss:3  | Found a glowing silver altar of Zin.
 78450 | Abyss:3  | Found a shattered altar of Ashenzari.
 78450 | Abyss:3  | Found a glowing golden altar of the Shining One.
 78450 | Abyss:3  | Found a sparkling altar of Nemelex Xobeh.
 78452 | Abyss:3  | Found a stormy altar of Qazlal.
 78455 | Abyss:3  | Found a shadowy altar of Dithmenos.
 78455 | Abyss:3  | Found a white marble altar of Elyvilon.
 78455 | Abyss:3  | Found an iron altar of Okawaru.
 78457 | Abyss:3  | Found a basalt altar of Yredelemnul.
 78457 | Abyss:3  | Found a blossoming altar of Fedhas.
 78457 | Abyss:3  | Found an opulent altar of Gozag.
 78457 | Abyss:3  | Found a deep blue altar of Sif Muna.
 78459 | Abyss:3  | Found a shimmering altar of Xom.
 78459 | Abyss:3  | Found a bloodstained altar of Trog.
 78459 | Abyss:3  | Found an opulent altar of Gozag.
 78586 | Abyss:3  | Found a corrupted altar of Lugonu.
 78618 | Abyss:3  | Gained mutation: You are weak. (Str -2) [a neqoxec]
 78623 | Abyss:3  | Gained mutation: You have a pair of small antennae on your head. [a neqoxec]
 78703 | Abyss:4  | Lost mutation: You are somewhat resistant to further mutation. [potion of mutation]
 78703 | Abyss:4  | Lost mutation: You are weak. (Str -2) [potion of mutation]
 78703 | Abyss:4  | Lost mutation: Your body sometimes deteriorates upon taking damage. [potion of mutation]
 78703 | Abyss:4  | Lost mutation: Your magical capacity is low. (-10% MP) [potion of mutation]
 78703 | Abyss:4  | Lost mutation: You are very clumsy. (Dex -4) [potion of mutation]
 78703 | Abyss:4  | Gained mutation: Your body sometimes deteriorates upon taking damage. [potion of mutation]
 78703 | Abyss:4  | Gained mutation: Your flesh is heat resistant. (rF+) [potion of mutation]
 78994 | Abyss:4  | Gained mutation: You do not regenerate when monsters are visible. [a neqoxec]
 79079 | Abyss:4  | Found a runed door.
 79079 | Abyss:4  | Found a runed door.
 79079 | Abyss:4  | Found a runed door.
 79079 | Abyss:4  | Found a runed door.
 79079 | Abyss:4  | Found a runed door.
 79079 | Abyss:4  | Found a runed door.
 79079 | Abyss:4  | Found a runed door.
 79080 | Abyss:4  | Found a runed door.
 79087 | Abyss:4  | Found a runed door.
 79088 | Abyss:4  | Found a runed door.
 79089 | Abyss:4  | Found a runed door.
 79539 | Abyss:4  | HP: 10/213 [poisoned by a merfolk impaler]
 79544 | Abyss:4  | HP: 7/213 [poisoned by a merfolk impaler]
 79544 | Abyss:4  | HP: 2/213 [smoke demon/divine providence (5)]
 79939 | Abyss:4  | Got an abyssal rune of Zot
 80118 | Abyss:4  | Received a gift from Okawaru
 80124 | Depths:2 | Escaped the Abyss
 80454 | Vaults:4 | Got a warped chain mail
 80465 | Vaults:4 | Identified the +0 chain mail "Ziaf" {Slay+3 SInv} (You acquired it on level 4 of the Vaults)
 80794 | Zot:1    | Entered Level 1 of the Realm of Zot
 81384 | Depths:2 | Got a turquoise-encrusted plate armour
 81395 | Depths:2 | Identified the cursed +0 plate armour of Music {rF++ Int+4 Dex+2} (You found it on level 2 of the Depths)
 81737 | Elf:3    | Got a heavily runed plate armour {god gift}
 81879 | Orc:2    | Bought a scroll of remove curse for 48 gold pieces
 81890 | Orc:2    | Identified the +7 plate armour of Democracy {MR- Dex+4 Stlth+} (Okawaru gifted it to you on level 3 of the Elven Halls)
 82163 | Depths:3 | Got an ichor-stained hat
 82164 | Depths:3 | Lost mutation: Your body sometimes deteriorates upon taking damage. [potion of mutation]
 82164 | Depths:3 | Lost mutation: You are partially covered in yellow scales. (AC +2) [potion of mutation]
 82164 | Depths:3 | Lost mutation: You are partially covered in large bone plates. (SH +4) [potion of mutation]
 82164 | Depths:3 | Lost mutation: You are clumsy. (Dex -2) [potion of mutation]
 82164 | Depths:3 | Lost mutation: You occasionally shout uncontrollably at your foes. [potion of mutation]
 82164 | Depths:3 | Gained mutation: Armour fits poorly on your strangely shaped body. [potion of mutation]
 82164 | Depths:3 | Gained mutation: You are weak. (Str -2) [potion of mutation]
 82164 | Depths:3 | Gained mutation: You have an increased reservoir of magic. (+10% MP) [potion of mutation]
 82165 | Depths:3 | Lost mutation: Armour fits poorly on your strangely shaped body. [potion of mutation]
 82165 | Depths:3 | Lost mutation: Your flesh is heat resistant. (rF+) [potion of mutation]
 82165 | Depths:3 | Lost mutation: You are weak. (Str -2) [potion of mutation]
 82165 | Depths:3 | Gained mutation: You are partially covered in molten scales. (AC +2) [potion of mutation]
 82165 | Depths:3 | Gained mutation: Your spells are a little harder to cast, but a little more powerful. [potion of mutation]
 82165 | Depths:3 | Lost mutation: Your spells are a little harder to cast, but a little more powerful. [potion of mutation]
 82165 | Depths:3 | Gained mutation: You are partially covered in slimy green scales. (AC +2) [potion of mutation]
 82166 | Depths:3 | Lost mutation: You are covered in fur. (AC +1) [potion of mutation]
 82166 | Depths:3 | Lost mutation: You are partially covered in molten scales. (AC +2) [potion of mutation]
 82166 | Depths:3 | Lost mutation: You do not regenerate when monsters are visible. [potion of mutation]
 82166 | Depths:3 | Lost mutation: You have a pair of small antennae on your head. [potion of mutation]
 82166 | Depths:3 | Gained mutation: You are covered in fur. (AC +1) [potion of mutation]
 82166 | Depths:3 | Gained mutation: You are partially covered in yellow scales. (AC +2) [potion of mutation]
 82166 | Depths:3 | Gained mutation: You are partially covered in large bone plates. (SH +4) [potion of mutation]
 82177 | Depths:3 | Identified the +2 hat of Mufuint {Str+2} (You found it on level 3 of the Depths)
 84568 | Zot:1    | Reached skill level 5 in Shields
 84646 | Zot:1    | Received a gift from Okawaru
 85616 | Zot:2    | Received a gift from Okawaru
 85698 | Zot:2    | Noticed an orb of fire
 85712 | Zot:2    | Gained mutation: Scrolls take you a little longer to read. [an orb of fire]
 85748 | Zot:2    | Killed an orb of fire
 85781 | Zot:2    | Lost mutation: You are partially covered in yellow scales. (AC +2) [potion of mutation]
 85781 | Zot:2    | Gained mutation: Your spells are a little easier to cast, but a little less powerful. [potion of mutation]
 85781 | Zot:2    | Gained mutation: You do not regenerate when monsters are visible. [potion of mutation]
 85781 | Zot:2    | Gained mutation: You have sharp fingernails. [potion of mutation]
 85782 | Zot:2    | Lost mutation: You are covered in fur. (AC +1) [potion of mutation]
 85782 | Zot:2    | Lost mutation: Your spells are a little easier to cast, but a little less powerful. [potion of mutation]
 85782 | Zot:2    | Lost mutation: Scrolls take you a little longer to read. [potion of mutation]
 85782 | Zot:2    | Lost mutation: You are partially covered in large bone plates. (SH +4) [potion of mutation]
 85782 | Zot:2    | Lost mutation: You have sharp fingernails. [potion of mutation]
 85782 | Zot:2    | Lost mutation: You do not regenerate when monsters are visible. [potion of mutation]
 85782 | Zot:2    | Gained mutation: Scrolls take you a little longer to read. [potion of mutation]
 85782 | Zot:2    | Lost mutation: You have an increased reservoir of magic. (+10% MP) [potion of mutation]
 85782 | Zot:2    | Gained mutation: Your spells are a little harder to cast, but a little more powerful. [potion of mutation]
 85783 | Zot:2    | Lost mutation: Scrolls take you a little longer to read. [potion of mutation]
 85783 | Zot:2    | Lost mutation: Your spells are a little harder to cast, but a little more powerful. [potion of mutation]
 85783 | Zot:2    | Gained mutation: You are dopey. (Int -2) [potion of mutation]
 85783 | Zot:2    | Gained mutation: You are partially covered in thin metallic scales. (AC +2) [potion of mutation]
 85903 | Zot:2    | Received a gift from Okawaru
 87236 | Zot:3    | Received a gift from Okawaru
 87239 | Zot:3    | Got an ancient cloak {god gift}
 87250 | Zot:3    | Identified the -5 cloak of Duck's Teeth {rCorr} (Okawaru gifted it to you on level 3 of the Realm of Zot)
 87727 | Zot:3    | Reached skill level 22 in Polearms
 89009 | Zot:4    | Reached skill level 15 in Translocations
 89185 | Zot:4    | Received a gift from Okawaru
 89186 | Zot:4    | Got a crude chain mail {god gift}
 89220 | Zot:4    | Identified the +7 chain mail "Demienin" {rCorr} (Okawaru gifted it to you on level 4 of the Realm of Zot)
 89701 | Zot:5    | Entered Level 5 of the Realm of Zot
 91177 | Depths:2 | Fell from the grace of Okawaru
 91177 | Depths:2 | Became a worshipper of the Shining One
 91442 | D:9      | Lost mutation: You are dopey. (Int -2) [potion of mutation]
 91442 | D:9      | Lost mutation: You are partially covered in thin metallic scales. (AC +2) [potion of mutation]
 91442 | D:9      | Lost mutation: You are partially covered in slimy green scales. (AC +2) [potion of mutation]
 91442 | D:9      | Gained mutation: Your body sometimes deteriorates upon taking damage. [potion of mutation]
 91442 | D:9      | Gained mutation: You are occasionally teleported next to monsters. [potion of mutation]
 91442 | D:9      | Gained mutation: You can translocate small distances at will. [potion of mutation]
 91443 | D:9      | Lost mutation: You can translocate small distances at will. [potion of mutation]
 91443 | D:9      | Lost mutation: You are occasionally teleported next to monsters. [potion of mutation]
 91443 | D:9      | Lost mutation: Your body sometimes deteriorates upon taking damage. [potion of mutation]
 91443 | D:9      | Gained mutation: You are partially covered in large bone plates. (SH +4) [potion of mutation]
 91443 | D:9      | Gained mutation: Your body sometimes deteriorates upon taking damage. [potion of mutation]
 91443 | D:9      | Gained mutation: You possess an exceptional clarity of mind. [potion of mutation]
 91443 | D:9      | Gained mutation: You are partially covered in thin metallic scales. (AC +2) [potion of mutation]
 92191 | Hell     | Reached * piety under the Shining One
 92321 | Hell     | Reached ** piety under the Shining One
 92359 | Hell     | Found a gateway to the decaying netherworld of Tartarus.
 92398 | Hell     | Reached *** piety under the Shining One
 93316 | Hell     | Reached **** piety under the Shining One
 93328 | Hell     | Found a gateway to the freezing wastes of Cocytus.
 93480 | Hell     | Found a gateway to the Iron City of Dis.
 93546 | Hell     | Reached ***** piety under the Shining One
 93556 | Hell     | Found a gateway to the ashen valley of Gehenna.
 94438 | D:9      | Learned a level 8 spell: Controlled Blink
 94652 | Crypt:1  | Entered Level 1 of the Crypt
 95107 | Crypt:1  | Reached ****** piety under the Shining One
 95317 | Depths:2 | Identified a +9 trishula of holy wrath (a +9 demon trident of electrocution blessed by the Shining One)
 95317 | Depths:2 | Received a gift from the Shining One
 95777 | Crypt:1  | Reached skill level 23 in Polearms
 95986 | Crypt:1  | Found an ancient bone altar of Kikubaaqudgha.
 96175 | Crypt:1  | Identified the Collected Works on Battle Magic
 96414 | Crypt:2  | Noticed a greater mummy
 96415 | Crypt:2  | Noticed a greater mummy
 96423 | Crypt:2  | Noticed Khufu
 96682 | Crypt:2  | Noticed a greater mummy
 97176 | Crypt:1  | Killed a greater mummy
 97213 | Crypt:2  | Killed a greater mummy
 97218 | Crypt:2  | Killed a greater mummy
 97227 | Crypt:2  | Killed Khufu
 97563 | Depths:5 | Learned a level 5 spell: Silence
 98107 | Crypt:2  | Lost mutation: Your body sometimes deteriorates upon taking damage. [potion of mutation]
 98107 | Crypt:2  | Lost mutation: You possess an exceptional clarity of mind. [potion of mutation]
 98107 | Crypt:2  | Lost mutation: You are partially covered in large bone plates. (SH +4) [potion of mutation]
 98107 | Crypt:2  | Gained mutation: Your magical capacity is low. (-10% MP) [potion of mutation]
 98107 | Crypt:2  | Gained mutation: You are dopey. (Int -2) [potion of mutation]
 98107 | Crypt:2  | Gained mutation: You occasionally shout uncontrollably at your foes. [potion of mutation]
 98107 | Crypt:2  | Gained mutation: You have a pair of small antennae on your head. [potion of mutation]
 98108 | Crypt:2  | Lost mutation: You are dopey. (Int -2) [potion of mutation]
 98108 | Crypt:2  | Lost mutation: Your magical capacity is low. (-10% MP) [potion of mutation]
 98108 | Crypt:2  | Gained mutation: Your muscles are strong. (Str +2) [potion of mutation]
 98108 | Crypt:2  | Gained mutation: Your mind is acute. (Int +2) [potion of mutation]
 98108 | Crypt:2  | Gained mutation: You possess an exceptional clarity of mind. [potion of mutation]
 98109 | Crypt:2  | Lost mutation: You occasionally shout uncontrollably at your foes. [potion of mutation]
 98109 | Crypt:2  | Lost mutation: Your mind is acute. (Int +2) [potion of mutation]
 98109 | Crypt:2  | Lost mutation: You are partially covered in thin metallic scales. (AC +2) [potion of mutation]
 98109 | Crypt:2  | Gained mutation: Your spells are a little easier to cast, but a little less powerful. [potion of mutation]
 98109 | Crypt:2  | Lost mutation: Your muscles are strong. (Str +2) [potion of mutation]
 98109 | Crypt:2  | Gained mutation: You are covered in fur. (AC +1) [potion of mutation]
 98548 | Crypt:3  | Entered Level 3 of the Crypt
 98554 | Crypt:3  | Reached skill level 10 in Invocations
 98881 | Crypt:3  | Identified the Volume of Sinister Rituals
 99138 | Crypt:3  | Reached skill level 10 in Hexes
 99165 | Crypt:3  | Noticed an ancient lich
 99189 | Crypt:3  | Killed an ancient lich
 99196 | Crypt:3  | Noticed an ancient lich
 99196 | Crypt:3  | Noticed an ancient lich
 99210 | Crypt:3  | Killed an ancient lich
 99212 | Crypt:3  | Killed an ancient lich
 99234 | Crypt:3  | Got a glittering steel ring
 99235 | Crypt:3  | Identified the ring of Amasch {rC+ Int+7} (You found it on level 3 of the Crypt)
 99241 | Crypt:3  | Identified Ereshkigal's Reference Book on Darkness
 99348 | Crypt:3  | Noticed a greater mummy
 99356 | Crypt:3  | Reached skill level 24 in Polearms
 99377 | Crypt:3  | Killed a greater mummy
 99403 | Crypt:3  | Identified the Collected Works on Feathers
 99428 | Crypt:3  | Noticed a greater mummy
 99462 | Crypt:3  | Killed a greater mummy
100082 | Crypt:3  | Found a staircase to the Tomb.
100852 | Pan      | Entered Pandemonium
100875 | Pan      | Gained mutation: Your body sometimes deteriorates upon taking damage. [a neqoxec]
101177 | Pan      | Noticed Xypuddibb the pandemonium lord
101202 | Pan      | Killed Xypuddibb the pandemonium lord
101360 | Pan      | HP: 8/226 [titan[the fury of Okawaru] (34)]
101365 | Pan      | HP: 4/226 [titan[the fury of Okawaru] (13)]
101366 | Pan      | Mangled by a titan

Vault maps used:
D:1:      lemuel_arrival_rhombus
D:2:      gammafunk_temple_overflow_arena, uniq_robin, uniq_terence
D:3:      gammafunk_temple_overflow_statue
D:4:      lemuel_round_altar, lemuel_round_altar, first_bread,
          nicolae_ru_path_of_blood
D:5:      cheibrodos_gnoll_hut
D:6:      lemuel_crystal_altar, nicolae_ossuary_entry_ruins,
          serial_co_window_serial, co_window_of_opportunity_a,
          co_window_cross_1, co_window_paths_a, co_window_paths_a,
          co_window_of_opportunity_a, co_window_corner_a, co_window_cross_1,
          co_window_paths_a, co_window_cross_1, co_window_corner_b,
          co_window_corner_b, co_window_corner_cb, co_window_corner_b,
          co_window_of_opportunity_b, co_window_2corner
D:7:      kennysheep_orc_sif_temple, minmay_temple_entry_mist, grunt_livestock
D:8:      lemuel_zombie_altar_yredelemnul, enter_bailey_2
D:9:      kennysheep_little_box, minmay_lair_entry_lava,
          minmay_misc_feat_columns
D:10:     brannock_xom_greatest_gift
D:11:     orc_0_dummy, lemuel_old_faithful
D:13:     minmay_shrinking_squares
D:14:     erik_vaults_1, roderic_lattice_a, uniq_kirke, uniq_louise, uniq_urug
D:15:     grunt_enter_depths_giant_problem, lemuel_crystal_altar,
          hangedman_decor_peaks_small, elyvilon_altar_5, uniq_agnes, uniq_rupert
Temple:   minmay_temple_bridge_abc
Lair:1:   minmay_guarded_unrand_snakebite, infiniplex_staircase_pool_2
Lair:2:   lemuel_ratsnest, grunt_megastairs_2
Lair:3:   nicolae_spider_entry_non_spiders, lemuel_fruit_fields,
          grunt_megastairs_1
Lair:4:   swamp_mist_pool, kennysheep_catoblepas_arena
Lair:5:   slime_altar_2, portal_ice_cave_rime, lab_entry_generic
Lair:6:   evilmike_catoblepas_cave, lemuel_oklob_altar
Swamp:1:  cheibrodos_swamp_monstrosity, evilmike_swamp_ruin_house_6
Swamp:2:  nicolae_swamp_orc_logging_accident, nicolae_swamp_rocky_clearing,
          swamp_pool1, st_swamp_ruins_1
Swamp:3:  hangedman_swamp_cone
Swamp:4:  grunt_swamp_rune_castle
Spider:1: spider_trap
Spider:2: nicolae_spider_webbed_stairs
Spider:3: uniq_arachne, uniq_mara
Spider:4: grunt_spider_rune_circles, nicolae_spider_circle_web
Slime:2:  nicolae_slime_barrier
Slime:3:  nicolae_slime_phagocytosis
Slime:4:  basic_altar
Orc:1:    special_room
Orc:2:    grunt_orc_cross
Elf:1:    serial_shops, nicolae_shop_competitors_out_of_business, basic_altar,
          minivault_28, uniq_nikola
Elf:2:    minivault_24, grunt_ministairs_12, onia_ninara_cookie, uniq_roxanne,
          uniq_jorgrun, uniq_asterion
Elf:3:    elf_hall, serial_shops, shop, mu_enter_wizlab_2,
          kilobyte_rumbling_trees
Vaults:1: hangedman_vaults_variations, nicolae_vaults_network_star,
          ontoclasm_vaults_eye, nicolae_vaults_fighting_squares,
          grunt_vaults_hallway_short, portal_desolation_entry_salt,
          serial_shops, nicolae_shop_trees, shop, nicolae_shop_stone
Vaults:2: hangedman_vaults_slice, minmay_crypt_entry_simple_walls,
          ontoclasm_vaults_ligature, ontoclasm_vaults_fault,
          nicolae_vaults_theta, v_misc_13, dpeg_vaults_monster_box,
          ontoclasm_vaults_chip, hangedman_vaults_trim, v_pattern_4,
          serial_shops, shop_statue
Vaults:3: vaults_room_corners, grunt_vaults_twisty, v_pattern_3,
          ontoclasm_vaults_ring_small, st_quartered_hall, vaults_mumra_hex,
          nicolae_vaults_sealed_display, hangedman_vaults_capsules,
          ontoclasm_vaults_twist, ontoclasm_vaults_decontamination,
          vaults_mumra_lcd, vaults_room_semicircle
Vaults:4: nicolae_vaults_little_squares_1, ontoclasm_vaults_spin, v_misc_2,
          vaults_room_grunt_arrival_ludios, vaults_dpeg_cross,
          nicolae_vaults_rhombus_7, nicolae_vaults_little_squares_4,
          v_alt_pattern_1, nicolae_vaults_stairing_the_circle,
          ontoclasm_vaults_pinch, nicolae_vaults_circle_grid_b,
          hangedman_vaults_locks, dpeg_vaults_monster_row, vaults_dpeg_spiral,
          v_alt_pattern_1, v_alt_pattern_3, serial_shops,
          nicolae_shop_statue_plus, uniq_bai_suzhen
Crypt:1:  basic_altar
Crypt:2:  uniq_khufu
Crypt:3:  david_glass_crypt, nicolae_tomb_entry_rubble_hallway, special_room,
          st_burial_chamber
Depths:1: serial_shops, nicolae_shop_stone, serial_bayou_pond_e, pan_entry,
          hell_entry, hangedman_stitches_earthworm, uniq_aizul
Depths:2: minmay_heptahexagon, hell_entry, minmay_room_of_horrors,
          lemuel_round_altar
Depths:3: grunt_deathspiral_small, grunt_hell_entry_dis_old,
          rand_demon_pan_entry_5, enter_trove_0, moated_statue,
          minmay_crystal_box
Depths:4: kennysheep_cluttered_fort, abyss_entry, pf_coc_iceberg,
          serial_sigils_hangedman_confine
Depths:5: grunt_zot_entry_alcove, enter_ziggurat_c, hell_entry,
          serial_hangedman_research, hangedman_research_electronics,
          hangedman_research_convocations, hangedman_research_geology,
          hangedman_research_toxicology, hangedman_research_pyrotechnics,
          glass_columns_a, minmay_shop_star
Zot:1:    evilmike_crystal_ball_defense, grunt_ministairs_1
Zot:3:    grunt_ministairs_2
Abyss:2:  guppyfry_abyss_exit_imp_island
Abyss:4:  evilmike_nicolae_abyss_rune_betentacled_crabyss,
          hangedman_abyss_rune_macabre_mess, hangedman_eye_storm
Abyss:5:  evilmike_abyss_exit_vortex, evilmike_abyss_rune_tso_outpost,
          evilmike_abyss_exit_10
Pan:      evilmike_mini_pan_T, pan_blood_fountain_small, pan_blood_fountain
Lab:      labyrinth_green, labyrinth_skeletal_remains, nicolae_lab_swirl,
          lab_fountain, nicolae_lab_do_over
Trove:    trove_misc_throne_room
Ossuary:  ossuary_minmay_chase
Bailey:   bailey_axe_1, bailey
WizLab:   wizlab_cigotuvi

Skill      XL: |  1  2  3  4  5  6  7  8  9 10 11 12 13 14 15 16 17 18 19 20 21 22 23 24 25 26 27 |
---------------+----------------------------------------------------------------------------------+-----
Polearms       | 5 7 8 9 10 12 15 17 18 19 20 21 24 | 24.3
Invocations    | 2 3 6 8 13 | 13.1
Armour         | 3 4 5 6 8 9 10 11 12 13 17 | 17.6
Dodging        | 7 9 11 12 13 15 16 17 18 19 20 21 22 | 22.6
Charms         | 2 5 8 10 12 13 14 15 | 15.1
Fighting       | 6 8 9 11 12 13 15 20 | 20.4
Evocations     | 3 7 9 10 12 14 15 | 15.8
Shields        | 4 5 |  5.6
Necromancy     | 3 5 7 9 10 | 10.5
Hexes          | 3 5 7 9 10 | 10.3
Translocations | 2 5 6 7 8 9 10 16 | 16.5
Air Magic      | 1 4 6 7 9 10 | 10.0
Spellcasting   | 5 7 9 10 11 12 13 16 | 16.5
Throwing       | 3 6 |  6.6
Summonings     | 2 6 14 | 14.8

Action                   |  1- 3 |  4- 6 |  7- 9 | 10-12 | 13-15 | 16-18 | 19-21 | 22-24 | 25-27 || total
-------------------------+-------+-------+-------+-------+-------+-------+-------+-------+-------++-------
Melee: Trident           |   131 |   234 |   364 |       |       |       |       |       |       ||   729
       Glaive            |       |       |   134 |   231 |       |       |       |       |       ||   365
       Tailslap          |       |       |     1 |     4 |     4 |    17 |       |     9 |    18 ||    53
       Demon trident     |       |       |       |   665 |  1660 |  1528 |  1644 |  2031 |  5917 || 13445
       Bardiche          |       |       |       |    10 |     6 |       |       |       |   479 ||   495
       Punch             |       |       |       |     2 |     1 |       |       |       |       ||     3
       Unarmed           |       |       |       |       |       |     2 |       |       |       ||     2
       Maul              |       |       |       |       |       |       |     7 |       |       ||     7
       Trishula          |       |       |       |       |       |       |       |       |   990 ||   990
 Fire: Blowgun           |       |       |       |     5 |       |       |       |       |       ||     5
Throw: Throwing net      |     2 |       |     6 |     1 |       |       |       |       |       ||     9
       Tomahawk          |       |       |     8 |       |    61 |       |     3 |       |       ||    72
 Cast: Infusion          |       |       |       |       |     3 |     9 |    15 |    11 |    31 ||    69
       Swiftness         |       |       |       |       |     1 |       |       |       |     2 ||     3
       Spectral Weapon   |       |       |       |       |       |    10 |    13 |     6 |    39 ||    68
       Regeneration      |       |       |       |       |       |     5 |    17 |    16 |   103 ||   141
       Shroud of Golubri |       |       |       |       |       |     4 |     5 |     2 |    15 ||    26
       Summon Butterflie |       |       |       |       |       |       |     1 |       |       ||     1
       Cigotuvi's Embrac |       |       |       |       |       |       |       |     1 |     1 ||     2
       Passage of Golubr |       |       |       |       |       |       |       |     3 |       ||     3
       Deflect Missiles  |       |       |       |       |       |       |       |       |     3 ||     3
       Aura of Abjuratio |       |       |       |       |       |       |       |       |    14 ||    14
       Silence           |       |       |       |       |       |       |       |       |     4 ||     4
       Lesser Beckoning  |       |       |       |       |       |       |       |       |     1 ||     1
Invok: Heroism           |       |       |     1 |     2 |     9 |     6 |     2 |     6 |    27 ||    53
       Finesse           |       |       |       |     1 |     7 |     3 |     2 |     5 |    19 ||    37
       Divine Shield     |       |       |       |       |       |       |       |       |     1 ||     1
       Brand Weapon With |       |       |       |       |       |       |       |       |     1 ||     1
 Abil: Evoke Berserk Rag |       |       |       |       |     1 |       |       |     1 |       ||     2
Evoke: Wand              |       |       |     5 |       |     4 |     2 |    10 |     7 |    16 ||    44
       Box of beasts     |       |       |       |       |     1 |     1 |     1 |     2 |     2 ||     7
       Lamp of fire      |       |       |       |       |       |     1 |     2 |     1 |     2 ||     6
       Lightning rod     |       |       |       |       |       |       |     4 |     8 |     8 ||    20
       Phial of floods   |       |       |       |       |       |       |     1 |     2 |     4 ||     7
       Fan of gales      |       |       |       |       |       |       |     1 |     1 |     4 ||     6
       Phantom mirror    |       |       |       |       |       |       |       |     1 |     1 ||     2
       Horn of Geryon    |       |       |       |       |       |       |       |       |     2 ||     2
       Sack of spiders   |       |       |       |       |       |       |       |       |     2 ||     2
  Use: Scroll            |       |    11 |     7 |    17 |    20 |    13 |     4 |     6 |    50 ||   128
       Potion            |       |     1 |     5 |       |    12 |       |       |       |    44 ||    62
 Stab: Held in net/web   |       |       |     3 |     1 |       |       |       |       |       ||     4
       Petrified         |       |       |       |       |     4 |       |       |       |       ||     4
       Confused          |       |       |       |       |       |     1 |     1 |       |     1 ||     3
       Distracted        |       |       |       |       |       |     1 |     1 |     6 |     8 ||    16
  Eat: Chunk             |     1 |    12 |    21 |    24 |    38 |    35 |    26 |    30 |    43 ||   230
       Fruit             |       |       |     4 |       |     4 |     3 |     4 |     6 |     5 ||    26
       Royal jelly       |       |       |     1 |       |       |       |     2 |       |     7 ||    10
       Meat ration       |       |       |       |       |       |       |       |       |    10 ||    10
       Bread ration      |       |       |       |       |       |       |       |       |     7 ||     7
Armor: Leather armour    |    11 |       |       |       |       |       |       |       |       ||    11
       Scale mail        |     8 |    64 |   130 |   142 |   253 |   351 |   176 |   254 |   766 ||  2144
       Ring mail         |     3 |       |       |       |       |       |       |       |       ||     3
       Plate armour      |       |       |       |       |       |       |       |       |   642 ||   642
Dodge: Dodged            |    67 |    95 |   177 |   409 |   768 |  1085 |   807 |  1337 |  5101 ||  9846
       Deflected         |       |       |       |       |    15 |     3 |       |       |    39 ||    57
Block: Buckler           |       |       |       |       |    93 |   593 |   510 |   730 |  3021 ||  4947
       Other             |       |       |       |       |       |       |     3 |       |    96 ||    99
       Reflection        |       |       |       |       |       |       |       |       |    37 ||    37
